 Dungeon Crawl Stone Soup version 0.19.0-22-gd96e5fe (webtiles) character file.

135 KristoblXynda the Slasher (level 4, -1/36 HPs)
             Began as a Draconian Gladiator on Nov 18, 2016.
             Slain by an orc
             ... wielding a +0 club
              (5 damage)
             ... on level 3 of the Dungeon.
             The game lasted 00:03:47 (1406 turns).

KristoblXynda the Slasher (Draconian Gladiator)     Turns: 1406, Time: 00:03:48

Health: -1/36      AC:  5    Str: 17    XL:     4   Next: 96%
Magic:  4/4        EV: 13    Int: 10    God:
Gold:   143        SH:  0    Dex: 11    Spells: 0 memorised, 3 levels left

rFire  . . .     SeeInvis .     a - +0 long sword
rCold  . . .     Gourm    .     (armour unavailable)
rNeg   . . .     Faith    .     (no shield)
rPois  .         Spirit   .     b - +0 hat
rElec  .         Reflect  .     (no cloak)
rCorr  .         Harm     .     (no gloves)
MR     .....                    (no boots)
Stlth  +.........               (no amulet)
                                (no ring)
                                m - ring of wizardry

@: about to teleport
A: unfitting armour, cold-blooded, AC +5
a: no special abilities


You were on level 3 of the Dungeon.
You were not hungry.

You visited 1 branch of the dungeon, and saw 3 of its levels.

You collected 143 gold pieces.

Inventory:

Hand Weapons
 a - a +0 long sword (weapon)
Missiles
 c - 3 throwing nets (quivered)
Armour
 b - a +0 hat (worn)
Jewellery
 m - a ring of wizardry (left hand)
Scrolls
 f - a scroll of magic mapping
 j - 2 scrolls of remove curse
Potions
 g - a potion of lignification {unknown}
 i - a potion of brilliance {unknown}
 q - a potion of resistance {unknown}
 r - a potion of flight {unknown}
 u - a potion of might {unknown}
Comestibles
 d - a bread ration
 o - a meat ration


   Skills:
 - Level 2.1 Fighting
 + Level 4.1 Long Blades
 + Level 2.9 Throwing
 + Level 3.7 Dodging


You had 3 spell levels left.
You didn't know any spells.

Dungeon Overview and Level Annotations

Branches:
Dungeon (3/15)

Altars:

Annotations:
D:3 dobroeutro's ghost, amateur SpAs


Innate Abilities, Weirdness & Mutations

Your plain brown scales are hard. (AC +5)
You cannot fit into any form of body armour.
You are cold-blooded and may be slowed by cold attacks.


Message History

An orc comes into view. It is wielding a flail.
You closely miss dobroeutro's ghost.
The orc shouts!
Your tail-slap misses dobroeutro's ghost.
Dobroeutro's ghost is heavily damaged.
The orc closely misses you.
You riposte.
You barely miss the orc.
Dobroeutro's ghost hits you but does no damage.
The orc hits you with a club.
* * * LOW HITPOINT WARNING * * *
You closely miss dobroeutro's ghost.
Dobroeutro's ghost is heavily damaged.
The gnoll shouts!
Dobroeutro's ghost hits you.
* * * LOW HITPOINT WARNING * * *
The orc closely misses you.
As you read the scroll of teleportation, it crumbles to dust.
You feel strangely unstable. Dobroeutro's ghost hits you.
* * * LOW HITPOINT WARNING * * *
The orc hits you with a club.
You die...

,,,,,,,,,,,,,,,,,,,,,,*
,,,,,,*,*,,,,,,,,..,,,*
**,,,,*,***,*****.#*,,*
***,*,*,***,* *g#*,,*
**,,,,,*,**,* ##g##,,*
,,,....,*,,,* #>..*,,*
,,,,.,.#,*#**
#go**,*********
*,,*#.#.,,.##
#o#**,,,,,,,,,*
*,,*#.#.###.# #@#
*,*******,*
,,***.....#># #W# *,*
*,* ***
#,#.#.#.####.###.# *,*
***#.#..............#
*,*
**,,,#..)).......#####
*,* ,,,#..#.))†.######
*,* ***#....)...# *,*
*#..#..#.### *,*
*#.##.##..# *,*


You could see dobroeutro's ghost, 3 gnolls and 2 orcs.

Vanquished Creatures
  An orc priest (D:2)
  4 adders (D:2)
  An ooze (D:1)
  2 dart slugs
  8 orcs (D:3)
  A ball python (D:2)
  4 giant cockroaches
  8 goblins
  5 hobgoblins
  5 jackals (D:1)
  4 bats
  3 frilled lizards
  3 kobolds (D:1)
  3 rats
52 creatures vanquished.

Notes
Turn   | Place    | Note
-------+----------+-------------------------------------------
     0 | D:1      | KristoblXynda the Draconian Gladiator began the quest for the Orb.
     0 | D:1      | Reached XP level 1. HP: 17/17 MP: 1/1
     6 | D:1      | Noticed a swamp worm
     6 | D:1      | Noticed an anaconda
     6 | D:1      | Noticed a polar bear
     6 | D:1      | Noticed a wyvern
   143 | D:1      | Reached XP level 2. HP: 14/24 MP: 2/2
   227 | D:1      | HP: 1/24 [hobgoblin/club (2)]
   234 | D:1      | Reached XP level 3. HP: 1/29 MP: 3/3
  1038 | D:2      | Reached XP level 4. HP: 20/36 MP: 4/4
  1255 | D:2      | Reached skill level 4 in Long Blades
  1375 | D:3      | Noticed dobroeutro's ghost (amateur SpAs)
  1406 | D:3      | Slain by an orc

Skill      XL: |  1  2  3  4 |
---------------+-------------+-----
Throwing       | 2 |  2.9
Dodging        | 3 |  3.7
Long Blades    | 4 |  4.1
Fighting       | |  2.1

Action                   |  1- 3 |  4- 6 || total
-------------------------+-------+-------++-------
Melee: Long sword        |    86 |    46 ||   132
       Tailslap          |    13 |     4 ||    17
  Use: Scroll            |       |     9 ||     9
       Potion            |       |     2 ||     2
  Eat: Chunk             |     1 |     1 ||     2
Armor: Skin              |    23 |    21 ||    44
Dodge: Dodged            |    76 |    41 ||   117
       Rpst.: Long sword |    22 |    12 ||    34
